 Dungeon Crawl Stone Soup version 0.28.0 (webtiles) character file.

Game seed: 17781297273140602014

1141 growler the Zephyrmancer (level 8, -5/41 HPs)
             Began as a Tengu Air Elementalist on Feb 15, 2022.
             Was an Initiate of Vehumet.
             Slain by an orc warrior (16 damage)
             ... on level 5 of the Dungeon.
             The game lasted 00:11:13 (6143 turns).

growler the Zephyrmancer (Tengu Air Elementalist)   Turns: 6143, Time: 00:11:14

Health: -5/41      AC:  2    Str:  8    XL:     8   Next: 37%
Magic:  8/16       EV: 14    Int: 18    God:    Vehumet [......]
Gold:   172        SH:  0    Dex: 15    Spells: 7/17 levels left

rFire   . . .      SeeInvis .   c - +0 dagger (venom)
rCold   . . .      Faith    .   (no shield)
rNeg    . . .      Spirit   .   a - +0 robe
rPois   .          Reflect  .   (helmet restricted)
rElec   .          Harm     .   (no cloak)
rCorr   .          Rampage  .   (no gloves)
Will    .....                   (boots unavailable)
Stlth   ++........              j - amulet of magic regeneration
HPRegen 0.13/turn               (no ring)
MPRegen 0.55/turn               (no ring)

@: flying quickly and evasively, quick
A: beak, talons 3, nimble flight
a: Renounce Religion


You were on level 5 of the Dungeon.
You worshipped Vehumet.
Vehumet was noncommittal.
You visited 2 branches of the dungeon, and saw 6 of its levels.

You collected 172 gold pieces.

Inventory:

Hand Weapons
 c - a +0 dagger of venom (weapon)
   (You took it off a kobold on level 1 of the Dungeon)
Armour
 a - a +0 robe (worn)
 m - the +4 chain mail "Papt" {Dex+4}
   (You found it on level 4 of the Dungeon)

   Dex:       It affects your dexterity (+4).
Jewellery
 e - an amulet of regeneration
   (You found it on level 2 of the Dungeon)
 j - an amulet of magic regeneration (around neck)
   (You found it on level 3 of the Dungeon)
Wands
 n - a wand of mindburst (10)
   (You found it on level 4 of the Dungeon)
Scrolls
 b - a scroll of vulnerability {unknown}
 f - a scroll of teleportation {@r4}
 g - a scroll of amnesia
 h - a scroll of noise {unknown}
 k - a scroll of magic mapping {unknown}
 l - a scroll of identify {unknown}
Potions
 d - a potion of attraction {unknown}
 i - 3 potions of curing {unknown}
 o - a potion of flight {unknown}
 p - 2 potions of lignification {unknown}


   Skills:
 - Level 2.1 Dodging
 - Level 2.0 Stealth
 - Level 5.0 Spellcasting
 + Level 7.6 Conjurations
 + Level 8.6 Air Magic


You had 7 spell levels left.
You knew the following spells:

 Your Spells              Type           Power      Damage    Failure   Level
a - Shock                 Conj/Air       100%       1d9       1%          1
b - Airstrike             Air            17%        N/A       3%          4
d - Static Discharge      Conj/Air       33%        N/A       1%          2
s - Swiftness             Air            35%        N/A       1%          3

Your spell library contained the following spells:

 Spells                   Type           Power      Damage    Failure   Level
 Dazzling Flash           Conj/Hex       36%        N/A       9%          3
 Summon Small Mammal      Summ           16%        N/A       13%         1
 Call Canine Familiar     Summ           4%         N/A       36%         3
 Summon Guardian Golem    Hex/Summ       4%         N/A       36%         3
 Silence                  Hex/Air        10%        N/A       54%         5
 Agony                    Necr           4%         N/A       98%         5


Dungeon Overview and Level Annotations

Branches:
Dungeon (5/15)             Temple (1/1) D:4

Altars:
Ashenzari
Cheibriados
Dithmenos
Elyvilon
Hepliaklqana
Makhleb
Nemelex Xobeh
Ru
Sif Muna
Uskayaw
Vehumet
Wu Jian
Xom
Yredelemnul
The Shining One

Shops:
D:4 :


Innate Abilities, Weirdness & Mutations

You have a beak for a mouth.
You have claws for feet.
Your magical nature lets you fly swiftly and evasively.


Message History

The howler monkey howls!
The howler monkey hits you!
The howler monkey hits you but does no damage.
You hit the howler monkey.
The howler monkey is poisoned.
You claw the howler monkey.
The howler monkey hoots and howls with incredible vigour!
You hear a shout!
You hear an angry hiss.
You hear a shout! x2
The howler monkey is struck by an arc of lightning.
You are struck by an arc of lightning.
The howler monkey is struck by an arc of lightning.
The lightning grounds out.
The howler monkey closely misses you.
The howler monkey is struck by an arc of lightning.
You kill the howler monkey!
Vehumet accepts your kill.
You are struck by an arc of lightning.
An iguana comes into view.
No target in view!
No target in view!
An iguana is nearby!
You hit the iguana but do no damage.
The iguana is poisoned.
You claw the iguana, but do no damage. The iguana bites you.
You hit the iguana. Your peck misses the iguana. The iguana bites you!
* * * LOW HITPOINT WARNING * * *
The iguana is struck by an arc of lightning.
You are struck by an arc of lightning.
* * * LOW HITPOINT WARNING * * *
The iguana is struck by an arc of lightning!
The lightning grounds out.
The iguana barely misses you.
The iguana is struck by an arc of lightning!
You kill the iguana!
Vehumet accepts your kill.
The lightning grounds out.
An orc warrior comes into view. It is wielding a +0 hand axe.
An orc warrior is nearby!
Aim: an orc warrior, wielding a +0 hand axe and wearing a +0 plate armour (wandering, hasn't noticed you, 74% to hit)
The zap misses the orc warrior. x2
The orc warrior shouts!
You hear a shout!
Aim: an orc warrior, wielding a +0 hand axe and wearing a +0 plate armour (74% to hit)
The zap misses the orc warrior.
Aim: an orc warrior, wielding a +0 hand axe and wearing a +0 plate armour (74% to hit)
The zap hits the orc warrior but does no damage.
The orc warrior is struck by an arc of lightning!
The lightning grounds out.
An orc priest comes into view. It is wielding a +0 hand axe.
The orc warrior hits you with a +0 hand axe!
* * * LOW HITPOINT WARNING * * *
The orc warrior is struck by an arc of lightning!
The lightning grounds out.
The orc warrior hits you with a +0 hand axe!
You die...

##### ......# ......
#.#.#..## ........######
#.#.@o....####
.......##†.o....#
#.#.#.#.#.##.##.#
.........#.##.##.####
#.#.#.#.#.#.....>......
............#..##.#.##
.#.#(#.#.#.#.#.#.......#
#.....................#.#
..#.#.#.#.#..###.##### ..


You could see an orc warrior and an orc priest.

Vanquished Creatures
  An ice beast (D:5)
  A sky beast (D:4)
  2 black bears
  An ogre (D:4)
  A bullfrog (D:4)
  3 scorpions
  A howler monkey (D:5)
  An orc priest (D:5)
  A hound (D:4)
  A jelly (D:5)
  2 iguanas (D:5)
  2 orc wizards (D:5)
  2 scorpion zombies (D:4)
  A hound zombie (D:5)
  A howler monkey zombie (D:4)
  7 adders
  A shadow imp (D:5)
  A white imp (D:5)
  2 adder zombies (D:4)
  A worm (D:4)
  2 dart slugs
  5 orcs
  5 ball pythons
  An endoplasm (D:1)
  3 giant cockroaches
  6 goblins
  3 hobgoblins
  4 kobolds
  3 quokkas
  3 bats
  6 frilled lizards
  3 rats
77 creatures vanquished.

Notes
Turn   | Place    | Note
-------+----------+-------------------------------------------
     0 | D:1      | growler the Tengu Air Elementalist began the quest for the
                  | Orb.
     0 | D:1      | Reached XP level 1. HP: 10/10 MP: 4/4
   100 | D:1      | Found a faded altar of an unknown god.
   309 | D:1      | Reached XP level 2. HP: 15/15 MP: 4/6
   312 | D:1      | Learned a level 2 spell: Static Discharge
  1095 | D:2      | Reached XP level 3. HP: 13/19 MP: 2/7
  1099 | D:2      | Learned a level 3 spell: Swiftness
  2474 | D:3      | Reached XP level 4. HP: 24/24 MP: 6/9
  2566 | D:3      | Reached skill level 5 in Air Magic
  2818 | D:3      | Noticed a scorpion
  2824 | D:3      | Killed a scorpion
  2825 | D:3      | Gained mutation: Your magical nature lets you fly swiftly
                  | and evasively. [Tengu growth]
  2825 | D:3      | Reached XP level 5. HP: 28/28 MP: 7/10
  2958 | D:3      | Found a sacrificial altar of Ru.
  3003 | D:3      | Found a glowing golden altar of the Shining One.
  3384 | D:4      | Noticed an ogre
  3424 | D:3      | Learned a level 4 spell: Airstrike
  3480 | D:4      | Found a broken altar of Ashenzari.
  3486 | D:4      | Found a shadowy altar of Dithmenos.
  3777 | D:4      | Killed an ogre
  3778 | D:4      | Reached skill level 6 in Air Magic
  3778 | D:4      | Reached XP level 6. HP: 32/32 MP: 4/12
  3795 | D:4      | Found a basalt altar of Yredelemnul.
  4117 | D:4      | Reached skill level 5 in Conjurations
  4406 | D:4      | Identified the +4 chain mail "Papt" {Dex+4}
  4457 | D:4      | Found Imuster's Book Shop.
  4661 | D:4      | Noticed a black bear
  4665 | D:4      | Killed a black bear
  4666 | D:4      | Reached XP level 7. HP: 36/36 MP: 5/14
  4792 | D:4      | Reached skill level 7 in Air Magic
  5065 | D:4      | Found a staircase to the Ecumenical Temple.
  5072 | Temple   | Entered the Ecumenical Temple
  5322 | Temple   | Became a worshipper of Vehumet
  5375 | D:5      | Entered Level 5 of the Dungeon
  5846 | D:5      | Reached XP level 8. HP: 41/41 MP: 12/16
  5876 | D:5      | Reached skill level 5 in Spellcasting
  5886 | D:5      | Reached skill level 8 in Air Magic
  6026 | D:5      | Found an ornate altar of the Wu Jian Council.
  6143 | D:5      | Slain by an orc warrior

Illustrated notes

Levels and vault maps discovered:
D:1:      lightli_arrival_quake, layout_loops_ring,
          shapermc_ecumenical_altar_starsandcircs, chequers_mini_garden
D:2:      layout_loops_ring
D:3:      layout_basic, overflow_temple_1_default,
          nicolae_tso_swordbearing_angel, serial_glass, glass_columns_b,
          glass_columns_a
D:4:      layout_cave_pods, nicolae_yredelemnul_corpse_copse,
          mainiacjoe_overflow_catwalk_spiral, temple_doors_cd, serial_shops,
          shop
D:5:      layout_loops_ring, mainiacjoe_overflow_catwalk,
          overflow_temple_1_default, mainiacjoe_overflow_chevrons, hex_medium,
          lemuel_old_faithful
Temple:   jpeg_temple_island

Skill      XL: |  1  2  3  4  5  6  7  8 |
---------------+-------------------------+-----
Conjurations   | 2 3 4 5 6 7 |  7.6
Air Magic      | 5 6 7 8 |  8.6
Spellcasting   | 3 4 5 |  5.0
Dodging        | |  2.1
Stealth        | |  2.0

Action                   |  1- 3 |  4- 6 |  7- 9 || total
-------------------------+-------+-------+-------++-------
Melee: Unarmed           |    13 |       |       ||    13
       Peck              |     6 |     8 |     3 ||    17
       Kick              |     4 |     9 |     4 ||    17
       Dagger            |    16 |    33 |    14 ||    63
 Cast: Shock             |    35 |     5 |    24 ||    64
       Static Discharge  |     9 |    23 |    14 ||    46
       Airstrike         |       |     9 |    15 ||    24
  Use: Scroll            |       |       |     2 ||     2
 Stab: Sleeping          |     1 |     1 |       ||     2
Armor: Robe              |     6 |    10 |     5 ||    21
Dodge: Dodged            |    30 |    28 |    21 ||    79
